 Dungeon Crawl Stone Soup version 0.29.1-1-gd02db6906a (webtiles) character file.

Game seed: 12837601352224080060

7 Chimkentus the Conjurer (level 1, 0/7 HPs)
             Began as a Felid Conjurer on Sept 27, 2022.
             Slain by a jackal (3 damage)
             ... on level 2 of the Dungeon.
             The game lasted 00:01:12 (233 turns).

Chimkentus the Conjurer (Felid Conjurer)             Turns: 233, Time: 00:01:12

Health: 0/7        AC:  1    Str:  3    XL:     1   Next: 83%
Magic:  1/4        EV: 17    Int: 19    God:
Gold:   32         SH:  0    Dex: 14    Spells: 3/4 levels left
                                        Lives:  0   Deaths: 0

rFire   . . .      SeeInvis +   (weapon unavailable)
rCold   . . .      Faith    .   (shield unavailable)
rNeg    . . .      Spirit   .   (body armour unavailable)
rPois   .          Reflect  .   (helmet unavailable)
rElec   .          Harm     .   (cloak unavailable)
rCorr   .          Rampage  .   (gloves unavailable)
Will    .....                   (boots unavailable)
Stlth   ++........              (no amulet)
HPRegen 0.02/turn               (no ring)
MPRegen 0.09/turn               (no ring)

@: quick
A: very small, claws 1, fangs 3, see invisible, speed 1, shaggy fur 1, stealthy
paws, no weapons or thrown items, no armour, multi-lived
a: no special abilities


You were on level 2 of the Dungeon.
You visited 1 branch of the dungeon, and saw 2 of its levels.

You collected 32 gold pieces.

Inventory:

Scrolls
 b - a scroll of fear {unknown}
 c - a scroll of amnesia {unknown}
Potions
 a - a potion of magic


   Skills:
 * Level 0.1 Fighting
 + Level 2.7 Dodging
 + Level 2.7 Stealth
 * Level 2.0 Spellcasting
 + Level 3.9 Conjurations


You had 3 spell levels left.
You knew the following spells:

 Your Spells              Type           Power      Damage    Failure   Level
a - Magic Dart            Conj           64%        1d6       3%          1

Your spell library contained the following spells:

 Spells                   Type           Power      Damage    Failure   Level
 Searing Ray              Conj           32%        2d5       4%          2
 Dazzling Flash           Conj/Hex       18%        N/A       22%         3
 Fulminant Prism          Conj/Hex       4%         3d6       58%         4
 Iskenderun's Mystic Bla  Conj/Tloc      9%         2d4       58%         4


Dungeon Overview and Level Annotations

Branches:
Dungeon (1/15)

Altars:


Innate Abilities, Weirdness & Mutations

You have sharp claws.
You have razor-sharp teeth.
You have supernaturally acute eyesight. (SInv)
You cover ground quickly. (Speed+)
You are covered in fur. (AC +1)
Your paws help you pounce on unaware monsters.
You are incapable of wielding weapons or throwing items.
You cannot wear armour.
You gain extra lives every three experience levels.


Message History

Aiming: Magic Dart (safe; 3% risk of failure)
Press: ? - help, Shift-Dir - straight line, f - jackal
Aim: a jackal (wandering, hasn't noticed you, 100% to hit)
The magic dart hits the jackal.
The jackal is moderately wounded.
A jackal is nearby!
Casting: Magic Dart (safe; 3% risk of failure)
Confirm with . or Enter, or press ? or * to list all spells.
Aiming: Magic Dart (safe; 3% risk of failure)
Press: ? - help, Shift-Dir - straight line, f/p - jackal
Aim: a jackal (moderately wounded, 100% to hit)
The magic dart hits the jackal.
The jackal is severely wounded.
You closely miss the jackal.
The jackal is severely wounded.
The jackal closely misses you.
You miss the jackal.
The jackal is severely wounded.
The jackal completely misses you.
You scratch the jackal but do no damage.
The jackal is severely wounded.
The jackal barely misses you.
A kobold comes into view. It is wielding a +0 club.
The jackal bites you. The jackal attacks as you move away!
The jackal barely misses you.
The kobold hits the fungus with a +0 club.
The fungus begins to die.
There is a stone staircase leading up here.
You closely miss the jackal.
The kobold shouts!
You bite the jackal.
The jackal is almost dead.
The jackal bites you. The jackal closely misses you.
You scratch the jackal.
The jackal is almost dead.
The jackal closely misses you.
You closely miss the jackal. Your bite misses the jackal.
The jackal is almost dead.
The jackal bites you.
You die...

#.######...#.
#.#....#####.
#.'..........
######+#######.#....#####.
...............#....# #.
#....†..######..[.# #.
...##......# #....# #.
#..?....h.# #....# #.
#.$.....#@# #..... +.
#....#.....# #...... #.
#....#.....+ #..........#
##.†.KPPP..# ....P..PP..
.....P....... ..PP.8.PP..


You could see a jackal and a kobold.

Vanquished Creatures
  An endoplasm (D:1)
  3 jackals
  A frilled lizard (D:1)
  A rat (D:2)
6 creatures vanquished.

Vanquished Creatures (others)
  A fungus (D:2)
1 creature vanquished.

Grand Total: 7 creatures vanquished

Notes
Turn   | Place    | Note
-------+----------+-------------------------------------------
     0 | D:1      | Chimkentus the Felid Conjurer began the quest for the Orb.
     0 | D:1      | Reached XP level 1. HP: 7/7 MP: 4/4
   177 | D:1      | You fall into a shaft and drop 1 floor!
   233 | D:2      | Slain by a jackal

Illustrated notes

Levels and vault maps discovered:
D:1:      dpeg_arrival_connections, layout_basic, minmay_curled_crystal
D:2:      layout_basic, dreamdust_mushroom_princess, minmay_door_square,
          lexackson_kobold_supper

Action                   || total
-------------------------++-------
Melee: Unarmed           ||     6
       Bite              ||     1
 Cast: Magic Dart        ||    11
Dodge: Dodged            ||     6
